Map: Dusk Towers

Players

Fropez

  • Race: Protoss Protoss
  • League: Silver
  • Spawn Location: 1:00

MouthFaWar - Winner!

  • Race: Terran Terran
  • League: Silver
  • Spawn Location: 7:00

VOD

Have the link to the VOD?

Description

Time

  • Played on: May 21, 2016, 11:20 p.m.
  • Length: 10:01
Show
View Real Time Build Order
Export as new Build Order

Fropez Protoss 

Build Orders:  

Get SALT Encoding   

  12  0:01  Probe (Chrono Boost)  
  13  0:15  Pylon  
  13  0:20  Probe (Chrono Boost)  
  14  0:34  Gateway  
  14  0:38  Probe (Chrono Boost)  
  15  0:48  Probe (Chrono Boost)  
  16  0:52  Assimilator  
  16  0:59  Probe (Chrono Boost)  
  17  1:06  Pylon  
  17  1:16  Probe (Chrono Boost)  
  18  1:28  Probe (Chrono Boost)  
  18  1:40  Gateway  
  18  1:42  Cybernetics Core  
  18  1:44  Gateway  
  19  1:47  Probe (Chrono Boost)  
  19  1:48  Assimilator  
  19  1:57  Probe (Chrono Boost)  
  20  2:05  Pylon  
  20  2:08  Probe (Chrono Boost)  
  21  2:18  Warp Gate (Chrono Boost)  
  22  2:25  Mothership Core (Chrono Boost)  
  23  2:30  Forge  
  23  2:38  Stalker  
  23  2:43  Probe (Chrono Boost)  
  26  2:48  Stalker  
  28  2:53  Probe (Chrono Boost)  
  29  3:04  Probe, Protoss Ground Weapons Level 1 (Chrono Boost)  
  30  3:16  Probe  
  31  3:33  Pylon  
  31  3:47  Pylon  
  31  3:51  Probe, Stalker x2  
  31  3:54  Pylon  
  36  4:03  Probe  
  37  4:17  Probe  
  38  4:32  Nexus  
  38  4:34  Assimilator  
  38  4:37  Probe  
  39  4:38  Assimilator  
  39  4:39  Pylon  
  39  4:49  Probe  
  40  4:57  Twilight Council  
  40  5:01  Pylon, Probe  
  41  5:14  Probe  
  42  5:16  Photon Cannon  
  42  5:23  Photon Cannon  
  42  5:26  Probe  
  43  5:33  Blink (Chrono Boost)  
  43  5:35  Protoss Ground Weapons Level 2  
  43  5:38  Probe  
  44  5:50  Probe  
  44  5:54  Probe  
  46  6:00  Stalker x2  
  50  6:06  Stalker  
  52  6:14  Probe  
  52  6:15  Probe  
  54  6:18  Pylon  
  54  6:28  Probe x2  
  54  6:30  Robotics Facility  
  56  6:40  Probe  
  56  6:46  Pylon  
  53  6:59  Stalker x2  
  55  7:07  Photon Cannon  
  55  7:10  Photon Cannon  
  55  7:11  Pylon  
  55  7:14  Pylon  
  55  7:19  Probe  
  56  7:24  Immortal  
  60  7:31  Photon Cannon, Stalker  
  60  7:34  Stalker  
  64  7:38  Stalker  
  64  7:55  Probe  
  64  7:56  Probe  
  66  8:05  Pylon, Robotics Facility  
  66  8:06  Probe  
  66  8:09  Probe  
  66  8:16  Immortal (Chrono Boost)  
  66  8:22  Probe x2  
  68  8:42  Probe  
  68  8:43  Probe  
  68  8:47  Stalker x3  
  76  8:54  Probe  
  76  8:55  Probe  
  82  8:59  Immortal (Chrono Boost)  
  82  9:00  Immortal (Chrono Boost)  
  86  9:16  Pylon  
  86  9:18  Pylon  
Show
View Real Time Build Order
Export as new Build Order

MouthFaWar Terran - Winner!

Build Orders: MMM Bio 

Get SALT Encoding   

  12  0:01  SCV  
  13  0:13  SCV  
  14  0:18  Supply Depot  
  14  0:25  SCV  
  15  0:40  SCV  
  15  0:41  Barracks  
  16  0:52  SCV  
  17  0:59  Refinery  
  17  1:05  SCV  
  18  1:17  SCV  
  19  1:29  Marine  
  19  1:32  Supply Depot  
  20  1:34  SCV  
  21  1:52  Orbital Command  
  21  1:53  Marine  
  22  1:56  Barracks  
  22  2:18  Marine  
  22  2:20  SCV  
  24  2:26  Refinery  
  24  2:35  Marine  
  25  2:40  SCV  
  25  2:43  Marine  
  27  2:53  Marine, Command Center  
  27  2:55  Factory  
  27  2:58  SCV  
  29  3:10  Barracks Tech Lab  
  29  3:12  SCV  
  30  3:15  Marine  
  31  3:23  Barracks  
  31  3:26  Engineering Bay  
  31  3:39  Supply Depot  
  31  3:42  Barracks Reactor  
  31  3:43  Factory Tech Lab  
  31  3:47  Starport  
  31  3:56  Stimpack  
  31  4:01  SCV  
  32  4:19  SCV  
  32  4:22  Siege Tank  
  36  4:24  Supply Depot  
  36  4:25  Barracks Tech Lab  
  36  4:33  Orbital Command  
  37  4:38  SCV  
  37  4:41  Supply Depot  
  37  4:42  Starport Reactor  
  37  4:44  Marine x2  
  39  4:51  SCV  
  40  4:55  Terran Infantry Weapons Level 1  
  40  5:03  Marine  
  40  5:04  Marine  
  40  5:05  Marauder  
  43  5:17  Siege Tank  
  43  5:19  SCV x2  
  48  5:21  Refinery  
  48  5:24  Marine x2, Refinery  
  50  5:36  SCV x2  
  50  5:40  Marauder  
  54  5:43  Medivac  
  56  5:50  SCV x2  
  58  5:59  Medivac  
  58  6:02  SCV  
  61  6:05  Combat Shields  
  61  6:09  Supply Depot  
  61  6:10  SCV  
  62  6:12  Marine x2  
  62  6:14  SCV  
  62  6:16  Siege Tank  
  68  6:21  Marauder  
  70  6:30  SCV, Supply Depot  
  70  6:58  Marine x3  
  70  7:00  Marauder  
  75  7:17  SCV x2  
  75  7:18  Supply Depot  
  75  7:22  Supply Depot  
  77  7:24  Terran Infantry Armor Level 1  
  77  7:26  Medivac x2  
  77  7:28  Marine x2  
  77  7:29  Marauder  
  85  7:30  Concussive Shells  
  85  7:32  SCV  
  86  7:40  SCV  
  86  7:42  Supply Depot  
  87  7:44  Supply Depot  
  87  7:46  SCV  
  88  7:53  Missile Turret  
  88  7:54  Command Center  
  88  7:56  Missile Turret  
  88  7:58  Medivac  
  90  8:10  Marine x2  
  90  8:11  Marauder x2  
  95  8:21  Siege Tank, Medivac  
  95  8:23  SCV x2  
  102  8:27  Supply Depot  
  102  8:28  Marine x2  
  102  8:30  Supply Depot  
  104  8:38  Marauder x2  
  108  8:46  Marine  
  108  8:47  Marine  
  108  8:48  SCV x2  
  112  9:08  Marine  
  112  9:09  Marine  
  114  9:11  Widow Mine  
  114  9:13  Medivac x2  
  120  9:18  Orbital Command  
  120  9:20  SCV x2  
  120  9:23  Marauder x2  
Tags
 
Composition
MMM Bio
Matchup
PvT
Replay Pack
All Mines
Spawn Locations
Cross Positions
Add a new tag
Caveats
  • Supply blocks, unpowered buildings, or Contaminate may cause inaccurate times.
  • Supply counts are checked every 10 seconds.